 Dungeon Crawl Stone Soup version 0.25-a0-1007-g10a8c3caa8 (webtiles) character file.

Game seed: 17141619339626590045, levelgen mode: deterministic

526 kae the Cleaver (level 7, 0/63 HPs)
             Began as a Hill Orc Fighter on May 11, 2020.
             Succumbed to Sigmund's poison
             ... on level 2 of the Dungeon.
             The game lasted 00:03:21 (3665 turns).

kae the Cleaver (Hill Orc Fighter)                  Turns: 3665, Time: 00:03:22

Health: 0/63       AC:  6    Str: 21    XL:     7   Next: 23%
Magic:  7/7        EV:  4    Int:  8    God:
Gold:   175        SH:  9    Dex: 10    Spells: 6/6 levels left

rFire    . . .     SeeInvis .   d - +0 hand axe (vamp)
rCold    . . .     Gourm    .   c - +0 kite shield
rNeg     . . .     Faith    .   b - +0 scale mail
rPois    .         Spirit   .   (no helmet)
rElec    .         Reflect  .   (no cloak)
rCorr    .         Harm     .   (no gloves)
MR       .....                  (no boots)
Stlth    ..........             (no amulet)
HPRegen  0.20/turn              h - -3 ring of evasion (curse)
MPRegen  0.10/turn              (no ring)

@: lethally poisoned (0 -> -24)
A: no striking features
a: no special abilities


You were on level 2 of the Dungeon.
You were not hungry.

You visited 1 branch of the dungeon, and saw 4 of its levels.

You collected 175 gold pieces.

Inventory:

Hand Weapons
 a - a +0 war axe
 d - a +0 vampiric hand axe (weapon)
Armour
 b - a +0 scale mail (worn)
 c - a +0 kite shield (worn)
Jewellery
 h - a cursed -3 ring of evasion (left hand)
 m - an uncursed ring of see invisible
 o - an uncursed ring of fire {unknown}
Scrolls
 e - 3 scrolls of identify {unknown}
 g - 2 scrolls of remove curse {unknown}
 i - 2 scrolls of amnesia {unknown}
 j - a scroll of magic mapping {unknown}
 k - 2 scrolls of fear {unknown}
 l - a scroll of enchant armour {unknown}
 p - a scroll of blinking {unknown}
 q - a scroll of fog {unknown}
Comestibles
 f - 2 rations


   Skills:
 + Level 6.2 Fighting
 * Level 8.4 Axes
 - Level 3.2 Armour
 - Level 3.2 Shields


You had 6 spell levels left.
You didn't know any spells.
Your spell library was empty.

Dungeon Overview and Level Annotations

Branches:
Dungeon (4/15)
 Temple: D:4-7

Altars:
Elyvilon
Gozag
Hepliaklqana
Okawaru
Sif Muna
Trog
Wu Jian

Annotations:
D:3 4 runed translucent doors, Crazy Yiuf; FrogZ's ghost, amateur MiBe


Message History

* * * LOW HITPOINT WARNING * * *
You feel very sick.
You hit the ogre but do no damage.
* * * LOW HITPOINT WARNING * * *
You feel sick. The ogre hits you with a +0 giant club.
* * * LOW HITPOINT WARNING * * *
You slash the ogre!
You feel better.
The ogre is moderately wounded.
* * * LOW HITPOINT WARNING * * *
You feel very sick.
Unknown command.
Unknown command.
Unknown command.
You aren't carrying any potions.
Okay, then.
* * * LOW HITPOINT WARNING * * *
You feel sick.
* * * LOW HITPOINT WARNING * * *
You feel sick.
You die...

#####.# #####....#..##.#
........##..##.# ..#####.##..##.#
#.##.)##.# ### #)##..##.# ..#
#.##..##.# #.# #O##).##.# #.#
#.##..##.# #.# #@##..##.#########
#.# #.##..##.......... #.#
#.#...############ #.#
#.#.#.....# #.########
#.#.......# #.#......#
#.################
#.#.####.#######.................
#.#.#...............#############
#.#.##.#.#########.##


You could see an ogre.

Vanquished Creatures
  Sigmund (D:2)
  A bullfrog (D:4)
  An orc priest (D:3)
  A centaur skeleton (D:2)
  3 orc wizards
  7 adders
  2 oozes (D:3)
  3 worms
  5 leopard geckos
  7 orcs
  A ball python (D:2)
  4 bats
  3 giant cockroaches
  A goblin (D:2)
  10 hobgoblins
  3 jackals (D:3)
  2 frilled lizards
  7 kobolds
  5 rats
67 creatures vanquished.

Notes
Turn   | Place    | Note
-------+----------+-------------------------------------------
     0 | D:1      | kae the Hill Orc Fighter began the quest for the Orb.
     0 | D:1      | Reached XP level 1. HP: 19/19 MP: 1/1
    89 | D:1      | Reached skill level 3 in Axes
   249 | D:1      | Reached XP level 2. HP: 13/27 MP: 2/2
   971 | D:2      | Noticed an ogre
  1196 | D:2      | Reached skill level 4 in Axes
  1196 | D:2      | Reached XP level 3. HP: 30/33 MP: 3/3
  1371 | D:2      | You fall into a shaft and drop 2 floors!
  1522 | D:2      | Found an ornate altar of the Wu Jian Council.
  1609 | D:3      | Reached XP level 4. HP: 41/41 MP: 4/4
  1625 | D:3      | Found a faded altar of an unknown god.
  1712 | D:2      | Reached skill level 5 in Axes
  2132 | D:3      | Reached XP level 5. HP: 20/47 MP: 5/5
  2133 | D:3      | Reached skill level 5 in Fighting
  2133 | D:3      | Reached skill level 6 in Axes
  2351 | D:3      | Found a shimmering blue altar of Sif Muna.
  2354 | D:3      | Found an iron altar of Okawaru.
  2354 | D:3      | Found a white marble altar of Elyvilon.
  2365 | D:3      | Found a bloodstained altar of Trog.
  2369 | D:3      | Found a hazy altar of Hepliaklqana.
  2488 | D:3      | Found a runed translucent gate.
  2488 | D:3      | Found a runed translucent gate.
  2488 | D:3      | Found a runed translucent gate.
  2489 | D:3      | Noticed a big kobold
  2490 | D:3      | Noticed FrogZ's ghost (amateur MiBe)
  2492 | D:3      | Identified the +5 dagger "Veptei" {drain, +Inv rElec}
  2535 | D:3      | Found a runed translucent door.
  2536 | D:3      | Noticed Crazy Yiuf
  2951 | D:4      | Reached skill level 7 in Axes
  2951 | D:4      | Reached XP level 6. HP: 40/56 MP: 6/6
  3351 | D:2      | Found an opulent altar of Gozag.
  3641 | D:2      | Noticed Sigmund
  3660 | D:2      | Killed Sigmund
  3660 | D:2      | Reached skill level 8 in Axes
  3660 | D:2      | Reached XP level 7. HP: 16/63 MP: 7/7
  3664 | D:2      | HP: 3/63 [poisoned by Sigmund]
  3665 | D:2      | Succumbed to Sigmund's poison

Illustrated notes

Levels and vault maps discovered:
D:1:      arrival_zaba_pyramid, layout_loops_ring
D:2:      layout_basic, nicolae_overflow_hidden_temple,
          nicolae_gozag_seed_capital, uniq_sigmund
D:3:      layout_loops_ring, minmay_overflow_temple_star_hex,
          gammafunk_ghost_nasty_kobolds, chequers_ecumenical_altar_twisty,
          uniq_crazy_yiuf_cottage
D:4:      layout_rooms, serial_corexii_hall, corexii_hall_statues_x,
          corexii_hall_statues_x, first_ration, portal_sewer_entry_b,
          uniq_edmund

Skill      XL: |  1  2  3  4  5  6 |
---------------+-------------------+-----
Axes           | 3 4 5 7 8 |  8.4
Fighting       | 4 5 6 |  6.2
Armour         | |  3.2
Shields        | |  3.2

Action                   |  1- 3 |  4- 6 |  7- 9 || total
-------------------------+-------+-------+-------++-------
Melee: War axe           |   100 |    42 |       ||   142
       Hand axe          |       |   122 |     2 ||   124
  Use: Potion            |       |     1 |       ||     1
  Eat: Chunk             |     2 |     7 |       ||     9
Armor: Scale mail        |    56 |    65 |       ||   121
Dodge: Dodged            |    33 |    53 |       ||    86
Block: Kite shield       |    53 |    78 |       ||   131

Table legend:
 A = Non-vault XP
 B = Vault XP
 C = Vault XP percentage of total XP
 D = Non-vault monster count
 E = Vault monster count
 F = Vault count percentage of total count
                 A         B        C        D         E       F
            +---------+---------+-------+---------+---------+-------
      Total |     514 |     238 |  31.6 |      66 |       1 |   1.5
            +---------+---------+-------+---------+---------+-------
        D:1 |      18 |       0 |   0.0 |      10 |       0 |   0.0
        D:2 |     169 |     238 |  58.5 |      24 |       1 |   4.0
        D:3 |     160 |       0 |   0.0 |      23 |       0 |   0.0
        D:4 |     167 |       0 |   0.0 |       9 |       0 |   0.0
            +---------+---------+-------+---------+---------+-------
